 Dungeon Crawl Stone Soup version 0.30-a0-626-gd6a5dd7a1f (webtiles) character file.

Game seed: 16731682123686271840

1053 Rrauwl the Covert (level 8, -5/67 HPs)
             Began as a Gnoll Delver on Jan 11, 2023.
             Was a Follower of Okawaru.
             Slain by a two-headed ogre
             ... wielding a +0 giant spiked club
              (16 damage)
             ... on level 5 of the Dungeon.
             The game lasted 00:15:11 (5223 turns).

Rrauwl the Covert (Gnoll Delver)                    Turns: 5223, Time: 00:15:11

Health: -5/67      AC:  7    Str: 15    XL:     8   Next: 26%
Magic:  12/12      EV: 12    Int:  9    God:    Okawaru [*.....]
Gold:   220        SH:  0    Dex: 13    Spells: 13/13 levels left

rFire   . . .      SeeInvis +    a - +1 war axe (drain)
rCold   . . .      Faith    .    (no shield)
rNeg    + . .      Spirit   .    m - +0 ring mail
rPois   .          Reflect  .    (no helmet)
rElec   .          Harm     .    (no cloak)
rCorr   .          Rampage  .    h - +0 pair of gloves
Will    .....                    (no boots)
Stlth   ++++                     (no amulet)
HPRegen 0.31/turn                f - ring of positive energy
MPRegen 0.13/turn                i - ring of see invisible

@: no status effects
A: fangs 1, strong nose, distributed training, mutation resistance 1, shaggy fur
1
a: Renounce Religion, Heroism


You were on level 5 of the Dungeon.
You worshipped Okawaru.
Okawaru was aware of your devotion.
You visited 2 branches of the dungeon, and saw 6 of its levels.

You collected 220 gold pieces.

Inventory:

Hand Weapons
 a - a +1 war axe of draining (weapon)
 b - a +4 dagger of freezing
 q - a +1 rapier of chaos
 r - a +1 short sword of chaos
 w - a +1 hand axe of flaming
Missiles
 p - 8 javelins (quivered)
Armour
 h - a +0 pair of gloves (worn)
 m - a +0 ring mail (worn)
Jewellery
 f - a ring of positive energy (left hand)
 i - a ring of see invisible (right hand)
Wands
 g - a wand of digging (10)
 t - a wand of quicksilver (6)
Scrolls
 c - 2 scrolls of fog
 d - a scroll of magic mapping
 e - 2 scrolls of fear
 j - 6 scrolls of teleportation
 l - 3 scrolls of vulnerability
 n - 2 scrolls of blinking
 o - 2 scrolls of identify
 s - a scroll of brand weapon
 v - a scroll of amnesia
Potions
 k - 3 potions of curing
 u - a potion of resistance


   Skills:
 + Level 7.3 Fighting
 + Level 3.2 Short Blades
 + Level 3.2 Long Blades
 + Level 5.6 Axes
 + Level 3.2 Maces & Flails
 + Level 3.2 Polearms
 + Level 3.2 Staves
 + Level 3.2 Ranged Weapons
 + Level 3.2 Throwing
 + Level 3.2 Armour
 + Level 5.6 Dodging
 + Level 10.1 Stealth
 + Level 3.2 Shields
 + Level 3.2 Unarmed Combat
 + Level 3.2 Spellcasting
 + Level 2.6 Conjurations
 + Level 2.6 Hexes
 + Level 2.6 Summonings
 + Level 2.6 Necromancy
 + Level 2.6 Translocations
 + Level 2.6 Transmutations
 + Level 2.6 Fire Magic
 + Level 2.6 Ice Magic
 + Level 2.6 Air Magic
 + Level 2.6 Earth Magic
 + Level 2.6 Poison Magic
 + Level 3.5 Invocations
 + Level 3.2 Evocations


You had 13 spell levels left.
You didn't know any spells.
Your spell library contained the following spells:

 Spells                   Type           Power      Damage    Failure   Level
 Magic Dart               Conj           24%        1d4       19%         1
 Shock                    Conj/Air       24%        1d4       19%         1
 Searing Ray              Conj           12%        2d4       28%         2
 Ozocubu's Armour         Ice            6%         N/A       50%         3
 Portal Projectile        Hex/Tloc       12%        N/A       50%         3
 Swiftness                Air            6%         N/A       50%         3
 Airstrike                Air            3%         2d(1-17)  88%         4
 Fulminant Prism          Conj/Hex       3%         3d5       88%         4
 Leda's Liquefaction      Hex/Erth       3%         N/A       88%         4
 Orb of Destruction       Conj           3%         9d5       100%        7
 Ozocubu's Refrigeration  Ice            3%         4d8       100%        7
 Call Canine Familiar     Summ           Unusable   N/A       N/A         3
 Summon Guardian Golem    Hex/Summ       Unusable   N/A       N/A         3
 Spellforged Servitor     Conj/Summ      Unusable   N/A       N/A         7

Dungeon Overview and Level Annotations

Branches:
Dungeon (5/15)             Temple (1/1) D:4

Altars:
Ashenzari
Cheibriados
Dithmenos
Elyvilon
Fedhas
Hepliaklqana
Kikubaaqudgha
Makhleb
Nemelex Xobeh
Okawaru
Qazlal
Sif Muna
Trog
Uskayaw
Vehumet
Wu Jian
Xom
Yredelemnul
The Shining One

Shops:
D:2 (   D:3 [


Innate Abilities, Weirdness & Mutations

You have very sharp teeth.
Your uncanny sense of smell can sniff out nearby items.
Your experience applies equally to all skills.
You are somewhat resistant to further mutation.
You are covered in fur. (AC +1)


Message History

Press: ? - help, Shift-Dir - straight line, f - two-headed ogre
Aim: a two-headed ogre, wielding a +0 giant spiked club and a +0 giant club (wandering, hasn't noticed you, 88% to hit)
The bolt of dispelling energy hits the two-headed ogre!!
The two-headed ogre is moderately wounded.
The two-headed ogre shouts in stereo!
You hear an angry hiss.
Aiming: Quicksilver Bolt
Press: ? - help, Shift-Dir - straight line, f/p - two-headed ogre
Aim: a two-headed ogre, wielding a +0 giant spiked club and a +0 giant club (moderately wounded, 88% to hit)
The bolt of dispelling energy hits the two-headed ogre!!
The two-headed ogre is severely wounded.
You barely miss the two-headed ogre.
The two-headed ogre is severely wounded.
The two-headed ogre hits you with a +0 giant spiked club!
The two-headed ogre hits you but does no damage.
You hit the two-headed ogre but do no damage.
The two-headed ogre is severely wounded.
The two-headed ogre barely misses you.
The two-headed ogre hits you with a +0 giant club!!
You barely miss the two-headed ogre.
You bite the two-headed ogre, but do no damage.
The two-headed ogre is severely wounded.
The two-headed ogre closely misses you. The two-headed ogre barely misses you.
You hit the two-headed ogre.
The two-headed ogre is severely wounded.
You barely miss the two-headed ogre.
The two-headed ogre is severely wounded.
The two-headed ogre hits you with a +0 giant spiked club.
The two-headed ogre hits you with a +0 giant club.
Aiming: Quicksilver Bolt
Press: ? - help, Shift-Dir - straight line, f - iguana, p - two-headed ogre
Aim: an iguana (77% to hit)
The bolt of dispelling energy hits the two-headed ogre!
The two-headed ogre is almost dead.
The bolt of dispelling energy hits the iguana!!
You kill the iguana!
Okawaru accepts your kill.
The two-headed ogre hits you with a +0 giant spiked club!
* * * LOW HITPOINT WARNING * * *
The two-headed ogre hits you with a +0 giant club!
You die...

########## ####
#........#####...
######.#..............
#........##.##.##.##.#
###...#...##############
#...#..@O##..#..#Ol# #
#...#####..#..#.?# ∆#
#..†#....##.#..#.W# #
##....##..##############
#...####..##.##.##.##.#
#......................
#.###########'#######..
#..# ##...## ###
#####.### ##.....## #


You could see a two-headed ogre.

Vanquished Creatures
  A vampire mosquito (D:5)
  2 water moccasins (D:5)
  An ice beast (D:5)
  2 ogres (D:3)
  A phantom (D:4)
  A scorpion (D:5)
  A howler monkey (D:3)
  A hound (D:5)
  Jessica (D:3)
  An iguana (D:5)
  Ijyb (D:5)
  4 gnolls
  6 adders
  A white imp (D:5)
  4 dart slugs
  3 orcs (D:3)
  6 endoplasms
  6 giant cockroaches
  7 goblins
  9 hobgoblins
  3 jackals (D:2)
  10 kobolds
  6 quokkas
  8 ball pythons
  7 bats
  4 frilled lizards
  4 rats
101 creatures vanquished.

Vanquished Creatures (others)
  A demonic plant (D:1)
  5 fungi (D:1)
  2 plants (D:1)
  2 withered plants (D:1)
10 creatures vanquished.

Grand Total: 111 creatures vanquished

Notes
Turn   | Place    | Note
-------+----------+-------------------------------------------
     0 | D:5      | Reached skill level 9 in Stealth
     0 | D:5      | Rrauwl the Gnoll Delver began the quest for the Orb.
     0 | D:5      | Reached XP level 1. HP: 23/23 MP: 1/1
    17 | D:5      | Noticed a water moccasin
    21 | D:4      | Noticed an ogre
    35 | D:3      | Reached XP level 2. HP: 16/29 MP: 2/2
   124 | D:3      | Noticed Jessica
   146 | D:3      | Killed Jessica
   147 | D:3      | Reached skill level 1 in Invocations
   147 | D:3      | Reached XP level 3. HP: 19/35 MP: 2/4
   242 | D:3      | Found Ehupewn's Armour Boutique.
   285 | D:1      | Gained mutation: Armour fits poorly on your strangely
                  | shaped body. [potion of mutation]
   285 | D:1      | Gained mutation: You are covered in fur. (AC +1) [potion of
                  | mutation]
   285 | D:1      | Gained mutation: You have a pair of small horns on your
                  | head. [potion of mutation]
   285 | D:1      | Gained mutation: You are somewhat resistant to further
                  | mutation. [potion of mutation]
   419 | D:1      | Reached skill level 1 in Short Blades
   419 | D:1      | Reached skill level 1 in Long Blades
   419 | D:1      | Reached skill level 1 in Maces & Flails
   419 | D:1      | Reached skill level 1 in Polearms
   419 | D:1      | Reached skill level 1 in Staves
   419 | D:1      | Reached skill level 1 in Ranged Weapons
   419 | D:1      | Reached skill level 1 in Throwing
   419 | D:1      | Reached skill level 1 in Armour
   419 | D:1      | Reached skill level 1 in Shields
   419 | D:1      | Reached skill level 1 in Unarmed Combat
   419 | D:1      | Reached skill level 1 in Spellcasting
   419 | D:1      | Reached skill level 1 in Evocations
   447 | D:1      | Found a faded altar of an unknown god.
   736 | D:1      | Reached XP level 4. HP: 41/41 MP: 5/5
  1329 | D:2      | Reached skill level 1 in Conjurations
  1329 | D:2      | Reached skill level 1 in Hexes
  1329 | D:2      | Reached skill level 1 in Summonings
  1329 | D:2      | Reached skill level 1 in Necromancy
  1329 | D:2      | Reached skill level 1 in Translocations
  1329 | D:2      | Reached skill level 1 in Transmutations
  1329 | D:2      | Reached skill level 1 in Fire Magic
  1329 | D:2      | Reached skill level 1 in Ice Magic
  1329 | D:2      | Reached skill level 1 in Air Magic
  1329 | D:2      | Reached skill level 1 in Earth Magic
  1329 | D:2      | Reached skill level 1 in Poison Magic
  1714 | D:2      | Found Iraogu Saen's Weapon Emporium.
  1795 | D:2      | Lost mutation: You have a pair of small horns on your head.
                  | [potion of mutation]
  1795 | D:2      | Lost mutation: Armour fits poorly on your strangely shaped
                  | body. [potion of mutation]
  2244 | D:3      | Reached XP level 5. HP: 47/47 MP: 7/7
  2531 | D:4      | Noticed an ogre
  2777 | D:3      | Killed an ogre
  2778 | D:3      | Reached skill level 5 in Axes
  2778 | D:3      | Reached skill level 5 in Dodging
  2778 | D:3      | Reached XP level 6. HP: 41/53 MP: 7/9
  3073 | D:4      | Found a staircase to the Ecumenical Temple.
  3085 | D:4      | Reached XP level 7. HP: 51/59 MP: 10/10
  3092 | Temple   | Entered the Ecumenical Temple
  3123 | Temple   | Became a worshipper of Warmaster Okawaru
  3350 | D:4      | Found a large runed translucent door.
  3394 | D:4      | Found a large runed translucent door.
  3398 | D:4      | Found a shimmering altar of Xom.
  3948 | D:5      | Reached skill level 10 in Stealth
  4491 | D:5      | Noticed Ijyb
  4506 | D:5      | Killed Ijyb
  4543 | D:5      | Reached XP level 8. HP: 36/67 MP: 12/12
  4831 | D:5      | Reached * piety under Okawaru
  5020 | D:5      | Noticed a two-headed ogre
  5023 | D:5      | Noticed a wraith
  5223 | D:5      | Slain by a two-headed ogre

Illustrated notes

Levels and vault maps discovered:
D:1:      nzn_arrival_depleted_hourglass, layout_basic,
          shapermc_ecumenical_altar_gd, serial_forest,
          infiniplex_forest_corner_2, infiniplex_forest_clump_C,
          infiniplex_forest_split, infiniplex_forest_end_2,
          infiniplex_forest_clump_medium, infiniplex_forest_join,
          infiniplex_forest_end_1, dreamdust_mushroom_princess, minmay_unequal
D:2:      layout_loops_cross, serial_shops, shop, kennysheep_generic_room_9
D:3:      layout_basic, serial_shops, nicolae_shop_stone, bh_walls_and_bars,
          uniq_jessica
D:4:      due_chaos_kobolds, layout_rooms, nicolae_overflow_hidden_temple,
          temple_fountains, minivault_25, hangedman_feature_mirror,
          chequers_serial_rivers_micro_d
D:5:      layout_loops_corners, minmay_manual_macuahuitl, uniq_ijyb
Temple:   nicolae_temple_bog_church

Skill      XL: |  1  2  3  4  5  6  7 |
---------------+----------------------+-----
Stealth        | 10 | 10.1
Invocations    | 1 2 3 |  3.5
Short Blades   | 1 2 3 |  3.2
Long Blades    | 1 2 3 |  3.2
Maces & Flails | 1 2 3 |  3.2
Polearms       | 1 2 3 |  3.2
Staves         | 1 2 3 |  3.2
Ranged Weapons | 1 2 3 |  3.2
Throwing       | 1 2 3 |  3.2
Armour         | 1 2 3 |  3.2
Shields        | 1 2 3 |  3.2
Unarmed Combat | 1 2 3 |  3.2
Spellcasting   | 1 2 3 |  3.2
Evocations     | 1 2 3 |  3.2
Conjurations   | 1 2 |  2.6
Hexes          | 1 2 |  2.6
Summonings     | 1 2 |  2.6
Necromancy     | 1 2 |  2.6
Translocations | 1 2 |  2.6
Transmutations | 1 2 |  2.6
Fire Magic     | 1 2 |  2.6
Ice Magic      | 1 2 |  2.6
Air Magic      | 1 2 |  2.6
Earth Magic    | 1 2 |  2.6
Poison Magic   | 1 2 |  2.6
Axes           | 5 |  5.6
Dodging        | 5 |  5.6
Fighting       | 7 |  7.3

Action                   |  1- 3 |  4- 6 |  7- 9 || total
-------------------------+-------+-------+-------++-------
Melee: Hand axe          |    24 |       |       ||    24
       Bite              |     2 |     4 |    11 ||    17
       Spear             |    33 |     2 |       ||    35
       Headbutt          |     9 |     7 |       ||    16
       Dagger            |       |    36 |       ||    36
       War axe           |       |    63 |   103 ||   166
       Punch             |       |     3 |     3 ||     6
Evoke: Wand              |       |       |     3 ||     3
  Use: Potion            |     4 |     7 |     1 ||    12
       Scroll            |       |     7 |     2 ||     9
 Stab: Sleeping          |     5 |    18 |     5 ||    28
       Distracted        |       |       |     1 ||     1
Armor: Leather armour    |     7 |     2 |       ||     9
       Ring mail         |       |    33 |    32 ||    65
Dodge: Dodged            |    28 |    53 |    69 ||   150

Table legend: (Time is in decaauts)
 A = Elapsed time spent in this place.
 B = Non-inter-level travel time spent in this place.
 C = Inter-level travel time spent in this place.
 D = Time resting spent in this place.
 E = Time spent auto-exploring this place.
 F = Levels seen in this place.
 G = Mean time per level.
                   A        B        C        D        E       F      G
               +--------+--------+--------+--------+--------+-----+--------+
         Total |   5256 |   5043 |    213 |     45 |   4025 |   6 |  876.0 |
       Dungeon |   5071 |   4884 |    187 |     45 |   3891 |   5 | 1014.2 |
        Temple |    185 |    159 |     26 |      0 |    133 |   1 |  185.0 |
               +--------+--------+--------+--------+--------+-----+--------+

Top non-repeatable levels by time:
     D:5: 1397 daAuts
     D:3: 1218 daAuts
     D:1: 1021 daAuts
     D:4: 778 daAuts
     D:2: 654 daAuts
  Temple: 185 daAuts
